 Dungeon Crawl Stone Soup version 0.30-a0-154-gb106f4c828 (webtiles) character file.

Game seed: 1340811463712533548

45 Ghostare the Shooter (level 3, -2/26 (27) HPs)
             Began as a Demonspawn Hunter on Sept 27, 2022.
             Slain by an orc
             ... wielding a +0 mace
              (7 damage)
             ... on level 2 of the Dungeon.
             The game lasted 00:09:02 (1346 turns).

Ghostare the Shooter (Demonspawn Hunter)            Turns: 1346, Time: 00:09:03

HP:   -2/26 (27)    AC:  5    Str: 11    XL:     3   Next: 42%
MP:   3/3           EV: 10    Int: 10    God:
Gold: 62            SH:  0    Dex: 18    Spells: 2/2 levels left

rFire   . . .      SeeInvis .    a - +0 shortbow
rCold   . . .      Faith    .    (shield currently unavailable)
rNeg    . . .      Spirit   .    e - +0 ring mail
rPois   .          Reflect  .    (no helmet)
rElec   .          Harm     .    (no cloak)
rCorr   .          Rampage  .    (no gloves)
Will    .....                    (no boots)
Stlth   ..........               (no amulet)
HPRegen 0.08/turn                (no ring)
MPRegen 0.08/turn                (no ring)

@: confused, studying Ice Magic, lightly drained
A: hooves 1, powered by pain 1
a: no special abilities


You were on level 2 of the Dungeon.
You visited 1 branch of the dungeon, and saw 2 of its levels.

You collected 62 gold pieces.

Inventory:

Hand Weapons
 a - a +0 shortbow (weapon)
 c - a +0 mace
 d - a +0 club
 h - a +0 dagger
Armour
 e - a +0 ring mail (worn)
Scrolls
 b - 2 scrolls of immolation
 j - a scroll of vulnerability {unknown}
Potions
 f - 2 potions of lignification {unknown}
 g - 2 potions of invisibility {unknown}
 i - a potion of curing {unknown}
 k - a potion of resistance {unknown}


   Skills:
 + Level 2.3 Fighting
 + Level 4.4 Ranged Weapons
 + Level 0.2 Armour
 + Level 1.8 Dodging
 + Level 1.2 Stealth


You had 2 spell levels left.
You didn't know any spells.
Your spell library contained the following spells:

 Spells                   Type           Power      Damage    Failure   Level
 Hailstorm                Conj/Ice       0%         3d3       100%        4
 Ice Form                 Ice/Tmut       0%         N/A       100%        4
 Simulacrum               Ice/Necr       0%         N/A       100%        6


Dungeon Overview and Level Annotations

Branches:
Dungeon (2/15)

Altars:


Innate Abilities, Weirdness & Mutations

You have large cloven feet.
You sometimes gain a little power by taking damage.


Message History

The arrow barely misses the orc.
The adder bites you but does no damage. The adder bites you.
You shoot an arrow. The arrow hits the adder.
The adder is almost dead.
The adder bites you.
The orc wizard gestures wildly while chanting.
The orc wizard flickers and vanishes!
You shoot an arrow. The arrow completely misses the adder.
The arrow barely misses the orc.
The arrow hits the orc priest but does no damage.
The adder completely misses you. The adder bites you but does no damage.
You shoot an arrow. The arrow hits the adder.
The adder is almost dead.
The adder closely misses you. The adder bites you but does no damage.
You shoot an arrow. The arrow completely misses the adder.
The arrow hits the orc but does no damage.
The adder barely misses you. The adder bites you but does no damage.
You shoot an arrow. The arrow hits the adder.
You kill the adder!
You hear some strange, mumbled words.
A puff of flame appears from out of thin air!
The puff of flame hits you.
You hear some strange, mumbled words.
You are confused.
You bump into the rock wall.
You hear some strange, mumbled words.
You are more confused.
Non-targeted confused fire: a) +0 shortbow
Press: ? - help, Q - select action Dir - look around, f - activate You shoot an arrow.
A magic dart appears from out of thin air!
The magic dart hits you.
The orc priest calls down the wrath of Beogh upon you.
Beogh smites you!
* * * LOW HITPOINT WARNING * * *
You see here a +0 spear.
You are too confused!
Something hits you but does no damage.
You feel drained.
You bump into the rock wall.
The orc hits you with a +0 mace!
You die...

###
###############.#
#.............@{#
#.#############o#
#.# #.# ###.# #o#
.##†# ########.#
.##.# #........#
.##.####
########.#
.#.....# #†#
.......# #.#


You could see an orc priest and an orc.

Vanquished Creatures
  An adder (D:2)
  A worm (D:2)
  A dart slug (D:1)
  2 endoplasms (D:1)
  A giant cockroach (D:1)
  2 hobgoblins (D:1)
  2 jackals (D:1)
  4 quokkas
  2 ball pythons (D:1)
  A bat (D:1)
  4 frilled lizards (D:1)
  4 goblins (D:1)
  3 kobolds (D:1)
  4 rats (D:1)
32 creatures vanquished.

Notes
Turn   | Place    | Note
-------+----------+-------------------------------------------
     0 | D:1      | Ghostare the Demonspawn Hunter began the quest for the Orb.
     0 | D:1      | Reached XP level 1. HP: 16/16 MP: 1/1
   131 | D:1      | Identified a scroll of acquirement
   131 | D:1      | Acquired a manual of Ice Magic
   474 | D:1      | Reached skill level 4 in Ranged Weapons
   474 | D:1      | Gained mutation: You have large cloven feet. [demonic
                  | ancestry]
   474 | D:1      | Reached XP level 2. HP: 11/22 MP: 2/2
   774 | D:1      | Reached skill level 1 in Stealth
  1031 | D:1      | Gained mutation: You sometimes gain a little power by
                  | taking damage. [demonic ancestry]
  1031 | D:1      | Reached XP level 3. HP: 27/27 MP: 3/3
  1346 | D:2      | Slain by an orc

Illustrated notes

Levels and vault maps discovered:
D:1:      wander_arrival_abandoned_jail, layout_loops_ring
D:2:      layout_basic, chequers_ecumenical_altar_simple

Skill      XL: |  1  2 |
---------------+-------+-----
Ranged Weapons | 4 |  4.4
Stealth        | 1 |  1.2
Fighting       | |  2.3
Armour         | |  0.2
Dodging        | |  1.8

Action                   || total
-------------------------++-------
 Fire: Shortbow          ||    85
  Use: Scroll            ||     7
Armor: Ring mail         ||    20
       Leather armour    ||     2
Dodge: Dodged            ||    21

Table legend: (Time is in decaauts)
 A = Elapsed time spent in this place.
 B = Non-inter-level travel time spent in this place.
 C = Inter-level travel time spent in this place.
 D = Time resting spent in this place.
 E = Time spent auto-exploring this place.
 F = Levels seen in this place.
 G = Mean time per level.
                   A        B        C        D        E       F      G
               +--------+--------+--------+--------+--------+-----+--------+
         Total |   1381 |   1381 |      0 |    429 |    350 |   2 |  690.5 |
       Dungeon |   1381 |   1381 |      0 |    429 |    350 |   2 |  690.5 |
               +--------+--------+--------+--------+--------+-----+--------+

Top non-repeatable levels by time:
     D:1: 1291 daAuts
     D:2: 89 daAuts
